[Event "Titled Tuesday Blitz June 13 Late 2023"]
[White "Aung Thant Zin"]
[Black "Henriquez Villagra, Cristobal"]
[WhiteFideId "13000063"]
[BlackFideId "3409350"]
[WhiteElo "2278"]
[BlackElo "2542"]
[Result "0-1"]
[Round "2"]
[TimeControl "180+2"]
[Date "2023.06.13"]
[WhiteClock "0:00:12"]
[BlackClock "0:00:48"]
[Board "111"]

1. e4 d6 2. d4 Nf6 3. Nc3 e5 4. Nf3 Nbd7 5. Bc4 Be7 6. O-O O-O 7. Bb3 h6 8. h3 Re8 9. Re1 Bf8 10. a4 exd4 11. Nxd4 Nc5 12. f3 Nxb3 13. Nxb3 b6 14. a5 Bb7 15. Nd4 bxa5 16. Bd2 d5 17. e5 Nd7 18. f4 Nc5 19. Be3 Ne6 20. Nxe6 fxe6 21. Na4 Bc6 22. Nc5 Rb8 23. b3 Rb4 24. Bd4 Bxc5 25. Bxc5 Rxf4 26. Rxa5 d4 27. Rf1 Qd5 28. Qe2 Rxf1+ 29. Qxf1 Qxe5 30. b4 Bd5 31. Qf2 Qe4 32. Rxa7 e5 33. Rxc7 Qg6 34. Kh2 Kh7 35. Qg3 Qxg3+ 36. Kxg3 Re6 37. b5 Rg6+ 38. Kh4 Rxg2 39. b6 Rxc2 40. b7 Bxb7 0-1


[Site "https://www.chess.com"]

[Event "Titled Tuesday Blitz June 13 Late 2023"]
[White "Babazada, Khazar"]
[Black "Bouget, Alexandre"]
[WhiteFideId "13413554"]
[BlackFideId "681318"]
[WhiteElo "2369"]
[BlackElo "2189"]
[Result "1-0"]
[Round "2"]
[TimeControl "180+2"]
[Date "2023.06.13"]
[WhiteClock "0:00:27"]
[BlackClock "0:00:00"]
[Board "112"]

1. Nf3 d5 2. d4 Nc6 3. Bf4 Bg4 4. e3 e6 5. Nbd2 Bd6 6. Bg3 Nge7 7. Bd3 Nf5 8. c3 h5 9. Bxd6 Nxd6 10. Qe2 a5 11. h3 Bf5 12. a4 Ne4 13. Nf1 g5 14. N3d2 Qf6 15. Bxe4 dxe4 16. Ng3 Qg6 17. f3 exf3 18. Qxf3 h4 19. Nxf5 Qxf5 20. Qxf5 exf5 21. O-O Ne7 22. e4 f4 23. e5 Nf5 24. Ne4 Ng3 25. Nf6+ Ke7 26. Rfe1 Rad8 27. d5 Nh5 28. Nxh5 Rxh5 29. Rad1 c6 30. c4 Rh6 31. Rd3 cxd5 32. cxd5 Rb6 33. b3 f6 34. d6+ Ke6 35. exf6+ Kxf6 36. d7 Re6 37. Red1 Re2 38. Kf1 Re7 39. Kf2 Ke6 40. Kf3 Rexd7 41. Rxd7 Rxd7 42. Rxd7 Kxd7 43. Kg4 Kc6 44. Kxg5 Kc5 45. Kxh4 Kb4 46. Kg4 Kxb3 47. h4 b5 48. h5 bxa4 49. h6 a3 50. h7 a2 51. h8=Q Kc2 52. Qa1 1-0


[Site "https://www.chess.com"]

[Event "Titled Tuesday Blitz June 13 Late 2023"]
[White "Fernandez, Maria Florencia"]
[Black "Maksimovic, Bojan"]
[WhiteFideId "116459"]
[BlackFideId "14408120"]
[WhiteElo "2074"]
[BlackElo "2457"]
[Result "0-1"]
[Round "2"]
[TimeControl "180+2"]
[Date "2023.06.13"]
[WhiteClock "0:00:03"]
[BlackClock "0:01:37"]
[Board "113"]

1. d4 Nf6 2. c4 g6 3. Nc3 Bg7 4. e4 d6 5. Be2 Nbd7 6. Be3 e5 7. d5 Nc5 8. f3 a5 9. g4 h5 10. g5 Nh7 11. h4 O-O 12. Qd2 f6 13. gxf6 Bxf6 14. O-O-O Kh8 15. Nh3 Rg8 16. Ng5 Bxg5 17. hxg5 Rf8 18. f4 exf4 19. Bd4+ Kg8 20. Bxh5 gxh5 21. Rxh5 Bg4 22. Qh2 Bxh5 23. Qxh5 Qxg5 24. Rg1 Qxg1+ 25. Bxg1 Nd3+ 26. Kc2 Ne5 27. Bd4 Rae8 28. Nd1 b6 29. Nf2 f3 30. b3 Re7 31. Kd2 Rff7 32. Ke3 Nf6 33. Qg5+ Kf8 34. Qh6+ Ke8 35. Qh8+ Rf8 36. Qh6 Nfg4+ 0-1


[Site "https://www.chess.com"]

[Event "Titled Tuesday Blitz June 13 Late 2023"]
[White "Siddharth, Jagadeesh"]
[Black "Womacka, Mathias"]
[WhiteFideId "5818320"]
[BlackFideId "4611390"]
[WhiteElo "2303"]
[BlackElo "2377"]
[Result "1/2-1/2"]
[Round "2"]
[TimeControl "180+2"]
[Date "2023.06.13"]
[WhiteClock "0:00:19"]
[BlackClock "0:00:12"]
[Board "114"]

1. e4 c5 2. Nf3 d6 3. Bb5+ Nd7 4. a4 Nf6 5. Nc3 a6 6. Be2 g6 7. a5 Bg7 8. O-O O-O 9. d3 Nb8 10. e5 dxe5 11. Nxe5 Nfd7 12. Nc4 Nc6 13. Bf3 Nd4 14. Be3 Rb8 15. Na4 Qc7 16. c3 Nxf3+ 17. Qxf3 Ne5 18. Qg3 Be6 19. Nxc5 Bxc4 20. dxc4 Rbc8 21. b3 Nd7 22. Qxc7 Rxc7 23. Na4 Nf6 24. h3 Ne4 25. Rac1 Rd7 26. Rfd1 Rfd8 27. Rxd7 Rxd7 28. f3 Rd3 29. Nc5 Nxc5 30. Bxc5 Bxc3 31. Bxe7 Bd4+ 32. Kh1 Rxb3 33. Rd1 Be5 34. Kg1 Kg7 35. Kf2 h5 36. Rd5 Rb2+ 37. Kf1 Bf6 38. Bc5 Rc2 39. Rd7 Rxc4 40. Bb6 Ra4 41. Rxb7 Bc3 42. Ra7 Bxa5 43. Rxa6 Ra1+ 44. Ke2 Bc3 45. Rxa1 Bxa1 46. Kd3 Bf6 47. Ke4 Bb2 48. f4 Ba1 49. g4 hxg4 50. hxg4 Bb2 51. Kd5 Ba1 52. g5 Bb2 53. Bd4+ Bxd4 54. Kxd4 Kf8 55. Kd5 Ke7 56. Ke5 Ke8 57. Kf6 Kf8 58. Ke5 Ke7 59. Kd5 Kd7 60. Ke5 Ke7 61. f5 gxf5 62. Kxf5 Kf8 63. g6 fxg6+ 64. Kxg6 1/2-1/2


[Site "https://www.chess.com"]

[Event "Titled Tuesday Blitz June 13 Late 2023"]
[White "Goncalves, Davi Sulzbacher"]
[Black "Rustemov, Alexander"]
[WhiteFideId "2154510"]
[BlackFideId "4119002"]
[WhiteElo "2182"]
[BlackElo "2797"]
[Result "0-1"]
[Round "2"]
[TimeControl "180+2"]
[Date "2023.06.13"]
[WhiteClock "0:00:00"]
[BlackClock "0:00:37"]
[Board "115"]

1. Nf3 d5 2. d4 Nf6 3. Bf4 c5 4. e3 Nc6 5. Be2 Bg4 6. O-O e6 7. c3 Be7 8. Nbd2 O-O 9. h3 Bh5 10. Ne5 Bxe2 11. Qxe2 Rc8 12. Rad1 Qb6 13. Ndf3 h6 14. c4 Rfd8 15. cxd5 Nxd5 16. Bg3 cxd4 17. exd4 Nxe5 18. Nxe5 Bf6 19. Rfe1 Qa6 20. Qh5 Bxe5 21. Bxe5 f6 22. Bg3 Qc6 23. Qg4 Re8 24. Kh2 Qd7 25. Re2 Qf7 26. Rde1 Rc6 27. h4 h5 28. Qf3 Qg6 29. Qxd5 exd5 30. Rxe8+ Kh7 31. Rb8 Qf7 32. Ree8 Kg6 33. Rf8 Qd7 34. Rbd8 Qg4 35. Rxd5 Rc1 36. Rfd8 Qd1 37. Bf4 Qh1+ 38. Kg3 Rg1 39. Kf3 Qxg2+ 40. Ke3 Re1+ 41. Kd3 Qe4+ 42. Kc4 Qxf4 0-1


[Site "https://www.chess.com"]

[Event "Titled Tuesday Blitz June 13 Late 2023"]
[White "Miladinovic, Igor"]
[Black "Rangel, Daniel"]
[WhiteFideId "4203380"]
[BlackFideId "2124475"]
[WhiteElo "2568"]
[BlackElo "2231"]
[Result "1-0"]
[Round "2"]
[TimeControl "180+2"]
[Date "2023.06.13"]
[WhiteClock "0:00:47"]
[BlackClock "0:00:00"]
[Board "116"]

1. d4 Nf6 2. Bg5 g6 3. Bxf6 exf6 4. e3 Bg7 5. c4 O-O 6. Nc3 d6 7. g3 c6 8. Bg2 h5 9. h4 Bg4 10. Qd3 Re8 11. Nge2 Bxe2 12. Qxe2 f5 13. Rd1 Nd7 14. Kf1 Nf6 15. Qc2 Ng4 16. Bf3 Bh6 17. Kg2 Qf6 18. Rhe1 a6 19. b4 Re7 20. b5 axb5 21. cxb5 d5 22. bxc6 bxc6 23. Rc1 Ra3 24. Qb2 Rea7 25. Qb6 Kg7 26. Rc2 R7a6 27. Qb2 Ra7 28. Ree2 R7a6 29. Qc1 Ra7 30. Nb1 R3a6 31. a3 Kh7 32. Rc3 Bf8 33. Rec2 Rc7 34. Bxd5 f4 35. exf4 Qxd4 36. Bf3 Nf6 37. f5 Bd6 38. fxg6+ fxg6 39. Rd2 Qe5 40. Re3 Qc5 41. Qd1 Bf8 42. Re6 Bg7 43. Rdd6 Ng4 44. Bxg4 hxg4 45. Qxg4 Qc2 46. h5 gxh5 47. Qxh5+ 1-0


[Site "https://www.chess.com"]

[Event "Titled Tuesday Blitz June 13 Late 2023"]
[White "Herrera Reyes, Jose Antonio"]
[Black "Abduzhaparov"]
[WhiteFideId "2274914"]
[WhiteElo "2272"]
[BlackElo "2409"]
[Result "1-0"]
[Round "2"]
[TimeControl "180+2"]
[Date "2023.06.13"]
[WhiteClock "0:01:28"]
[BlackClock "0:00:18"]
[Board "117"]

1. Nf3 d6 2. g3 Nf6 3. Bg2 e5 4. d3 h5 5. h4 c6 6. O-O Be7 7. c3 Bg4 8. Nbd2 Nbd7 9. Nh2 Nc5 10. b4 Ne6 11. a4 Qc7 12. b5 d5 13. bxc6 bxc6 14. c4 Rd8 15. cxd5 cxd5 16. Bb2 O-O 17. Ndf3 e4 18. Ng5 exd3 19. Qxd3 Nc5 20. Qc2 Ne6 21. Qxc7 Nxc7 22. Nxg4 Nxg4 23. Rfc1 Ne6 24. Nf3 Bc5 25. e3 Nxe3 26. fxe3 Bxe3+ 27. Kh2 Bxc1 28. Rxc1 Rc8 29. Rd1 Rc2 30. Ba3 Rd8 31. Kh3 d4 32. Bb4 Rc4 33. Ba5 Rd5 34. Nd2 Rxa5 35. Nxc4 Rxa4 36. Ne5 Ra3 37. Kh2 Ra2 38. Kg1 a5 39. Bd5 Ra3 40. Kg2 Re3 41. Nc6 a4 42. Nxd4 Nxd4 43. Rxd4 a3 44. Ra4 g6 45. Ra7 Rd3 46. Bxf7+ Kf8 47. Bxg6 Rd2+ 48. Kf3 a2 49. Bxh5 Rb2 50. Bg6 Rb6 51. Be4 Rb3+ 52. Kf4 Rb2 53. h5 Rf2+ 54. Bf3 Rb2 55. h6 Rb4+ 56. Be4 Rb6 57. h7 Rh6 58. Rxa2 Kg7 59. Ra7+ Kh8 60. Ra8+ Kg7 61. Rg8+ Kf7 62. h8=Q Rxh8 63. Rxh8 Kg7 64. Rh7+ Kg8 65. Ra7 1-0


[Site "https://www.chess.com"]

[Event "Titled Tuesday Blitz June 13 Late 2023"]
[White "Sivakumar, Shaaketh"]
[Black "Mahdavi, Reza"]
[WhiteFideId "30940176"]
[BlackFideId "12595926"]
[WhiteElo "2174"]
[BlackElo "2395"]
[Result "0-1"]
[Round "2"]
[TimeControl "180+2"]
[Date "2023.06.13"]
[WhiteClock "0:00:38"]
[BlackClock "0:00:22"]
[Board "118"]

1. e4 c5 2. Nf3 d6 3. d4 cxd4 4. Qxd4 Nf6 5. Bb5+ Bd7 6. c4 Qc7 7. Nc3 a6 8. Bxd7+ Nbxd7 9. Be3 e6 10. O-O Rc8 11. Rac1 Be7 12. b3 O-O 13. Rfd1 Rfe8 14. h3 Qa5 15. Qd2 Qh5 16. Nd4 Qg6 17. f3 h5 18. Qf2 Red8 19. Nce2 Nc5 20. Nf4 Qh7 21. b4 Ncd7 22. h4 e5 23. Nf5 exf4 24. Nxe7+ Kf8 25. Nxc8 fxe3 26. Qxe3 Rxc8 27. Rxd6 Re8 28. c5 Kg8 29. Rcd1 Nf8 30. Qg5 Kh8 31. a4 Ne6 32. Qe3 Qg6 33. b5 axb5 34. axb5 Qg3 35. c6 bxc6 36. bxc6 Ng4 37. Qa7 Qh2+ 38. Kf1 Qh1+ 39. Qg1 Ne3+ 40. Ke2 Qxg2+ 41. Qxg2 Nxg2 42. Rd7 Ngf4+ 43. Ke3 Kg8 44. Rc1 Rc8 45. Rb7 Kf8 46. e5 Nd5+ 47. Ke4 Ndc7 48. f4 g6 49. f5 gxf5+ 50. Kxf5 Ke7 51. Rd1 Nc5 52. Ra7 Ke8 53. Kf6 Ne4+ 54. Kf5 Nc5 55. Rg1 Kf8 56. Rg5 N7e6 57. Rxh5 Ng7+ 58. Kg5 Nce6+ 59. Kh6 Nxh5 60. Kxh5 Rxc6 61. Kg4 Kg7 62. h5 Rc4+ 63. Kg3 Re4 64. Ra5 Re3+ 65. Kg4 Re4+ 66. Kf3 Rf4+ 67. Kg3 Rf5 68. Kg4 Rg5+ 69. Kh4 Kh6 70. Ra7 Rxh5+ 71. Kg4 Rg5+ 72. Kh4 Kg6 73. Ra5 Rg1 74. Ra4 Kf5 75. Ra7 Rg7 76. Ra5 Ng5 77. e6+ Kxe6 78. Rxg5 Rxg5 79. Kxg5 Ke5 80. Kg4 Ke4 81. Kg5 f5 82. Kh4 f4 83. Kh3 f3 84. Kh2 Ke3 85. Kg3 Ke2 86. Kh2 f2 87. Kg3 f1=Q 0-1


[Site "https://www.chess.com"]

[Event "Titled Tuesday Blitz June 13 Late 2023"]
[White "Klukin, Kirill"]
[Black "Mazurkiewicz, Michal"]
[WhiteFideId "24199273"]
[BlackFideId "1124943"]
[WhiteElo "2344"]
[BlackElo "2063"]
[Result "1-0"]
[Round "2"]
[TimeControl "180+2"]
[Date "2023.06.13"]
[WhiteClock "0:01:53"]
[BlackClock "0:00:00"]
[Board "119"]

1. f4 Nf6 2. Nf3 g6 3. g3 Bg7 4. Bg2 O-O 5. O-O d6 6. d3 c5 7. Nc3 Nc6 8. e4 Rb8 9. h3 b5 10. Be3 Nd7 11. Rb1 b4 12. Ne2 e5 13. g4 f5 14. gxf5 gxf5 15. exf5 Rxf5 16. Ng3 Rf8 17. Ng5 Qb6 18. Bd5+ Kh8 19. Qh5 Nf6 20. Qf3 Nxd5 21. Qxd5 Nd8 22. fxe5 Rxf1+ 23. Rxf1 Bb7 24. Qxd6 Qxd6 25. exd6 Bd5 26. Bxc5 Nc6 27. b3 Bd4+ 28. Bxd4+ Nxd4 29. N3e4 Rg8 30. Kh2 h6 31. Nf7+ Kh7 32. d7 Ne2 33. Nf6+ Kg7 34. Nxg8 Kxg8 35. d8=Q+ 1-0


[Site "https://www.chess.com"]

[Event "Titled Tuesday Blitz June 13 Late 2023"]
[White "Bordi, Kevin"]
[Black "Smiechu"]
[WhiteFideId "621862"]
[WhiteElo "2727"]
[BlackElo "2404"]
[Result "1-0"]
[Round "2"]
[TimeControl "180+2"]
[Date "2023.06.13"]
[WhiteClock "0:00:57"]
[BlackClock "0:00:00"]
[Board "120"]

1. e4 c5 2. Nf3 g6 3. d4 cxd4 4. Qxd4 Nf6 5. e5 Nc6 6. Qa4 Nd5 7. Qe4 Nb6 8. Nc3 d5 9. exd6 Bf5 10. Qh4 Bg7 11. dxe7 Nxe7 12. Bh6 Bxc3+ 13. bxc3 Qc7 14. Bb5+ Bd7 15. Bxd7+ Qxd7 16. O-O O-O-O 17. Bg5 Nf5 18. Qb4 Rde8 19. a4 Qd6 20. Qb5 Qc6 21. h3 h6 22. Bf4 Nd5 23. Be5 f6 24. Bd4 Nxd4 25. cxd4 Nc3 26. Qxc6+ bxc6 27. Ra3 Nd5 28. c4 Nf4 29. Rb3 Kc7 30. Rfb1 Rb8 31. Kf1 Rxb3 32. Rxb3 Rb8 33. Rxb8 Kxb8 34. g3 Nxh3 35. Nh4 Ng5 36. Nxg6 Nf3 37. d5 Nd2+ 38. Ke2 Nxc4 39. dxc6 Kc7 40. Ne7 Nb6 41. a5 Nc4 42. a6 Ne5 43. f4 Nxc6 44. Nd5+ Kd6 45. Nxf6 Nb4 46. Ng4 Nxa6 47. Nxh6 Nc5 48. Nf5+ Kd5 49. Kf3 a5 50. Ne3+ Kd4 51. g4 a4 52. g5 1-0


[Site "https://www.chess.com"]

[Event "Titled Tuesday Blitz June 13 Late 2023"]
[White "Nikologorsky, Matfei"]
[Black "Tanenbaum, Zachary"]
[WhiteFideId "24102474"]
[BlackFideId "2060850"]
[WhiteElo "2153"]
[BlackElo "2207"]
[Result "0-1"]
[Round "2"]
[TimeControl "180+2"]
[Date "2023.06.13"]
[WhiteClock "0:00:36"]
[BlackClock "0:01:07"]
[Board "121"]

1. e4 e5 2. Nf3 Nc6 3. Bb5 a6 4. Ba4 d6 5. O-O Nf6 6. d3 b5 7. Bb3 Na5 8. Nc3 Be7 9. h3 O-O 10. Ne2 Nh5 11. c3 Nxb3 12. axb3 f5 13. exf5 Bxf5 14. Ng3 Nxg3 15. fxg3 Qe8 16. Be3 Qg6 17. Nh4 Bxh4 18. gxh4 Bxd3 19. Rxf8+ Rxf8 20. Qd2 Rf3 21. Bg5 Rf7 22. Rxa6 h6 23. Be3 Be4 24. Ra1 Qg3 25. Re1 Bxg2 26. Bf2 Qxh3 0-1


[Site "https://www.chess.com"]

[Event "Titled Tuesday Blitz June 13 Late 2023"]
[White "Bueno, Alfeu Junior Varela"]
[Black "Sai Krishna G V"]
[WhiteFideId "2108879"]
[BlackFideId "5028280"]
[WhiteElo "2175"]
[BlackElo "2359"]
[Result "0-1"]
[Round "2"]
[TimeControl "180+2"]
[Date "2023.06.13"]
[WhiteClock "0:00:00"]
[BlackClock "0:01:44"]
[Board "122"]

1. e4 e5 2. Nc3 Nc6 3. Bc4 Nf6 4. d3 Bb4 5. Bg5 h6 6. Bh4 g5 7. Bg3 d5 8. exd5 Nxd5 9. Ne2 f5 10. O-O Nf6 11. f3 Qe7 12. Kh1 Be6 13. Bb5 Qc5 14. d4 exd4 15. Nxd4 O-O-O 16. Nxe6 Rxd1 17. Nxc5 Rxa1 18. Rxa1 Bxc5 19. Bxc6 bxc6 20. Be5 Rf8 21. Rd1 Be7 22. Kg1 Rd8 23. Rxd8+ Kxd8 24. Kf2 Kd7 25. Ke3 Ke6 26. Bxc7 Bb4 27. Bb8 Bxc3 28. bxc3 a6 29. Kd4 Nd7 30. Bg3 f4 31. Bf2 Kd6 32. Kc4 c5 33. a4 Kc6 34. a5 Ne5+ 35. Kb3 Kb5 36. Bg1 Nc4 37. Bf2 Nxa5+ 38. Ka3 Nc4+ 39. Kb3 a5 40. Bg1 a4+ 41. Ka2 Ne3 42. g3 Nxc2 43. gxf4 gxf4 44. h3 Ne1 45. Bh2 Nxf3 46. Bxf4 h5 47. Kb2 Kc4 48. Bd6 Ng1 49. h4 Nf3 50. Be7 Ne5 51. Ka3 Kb5 52. Bf6 Nc4+ 53. Ka2 Nb6 54. Be7 Nd5 55. c4+ Kxc4 56. Bf8 Kb4 57. Bd6 Nc3+ 58. Kb2 a3+ 59. Kc2 Nb5 60. Be7 Nd4+ 0-1


[Site "https://www.chess.com"]

[Event "Titled Tuesday Blitz June 13 Late 2023"]
[White "Ashraf, Artin"]
[Black "Pesotskiy, Mikhail"]
[WhiteFideId "22514805"]
[BlackFideId "34164453"]
[WhiteElo "2224"]
[BlackElo "2131"]
[Result "1-0"]
[Round "2"]
[TimeControl "180+2"]
[Date "2023.06.13"]
[WhiteClock "0:00:08"]
[BlackClock "0:00:48"]
[Board "123"]

1. e4 e6 2. d3 c5 3. Nd2 Nc6 4. g3 d6 5. Bg2 g6 6. Ngf3 Bg7 7. O-O Nge7 8. Re1 O-O 9. c3 b5 10. Nf1 b4 11. d4 Qb6 12. Be3 cxd4 13. cxd4 d5 14. e5 Nf5 15. N1d2 Nxe3 16. fxe3 f6 17. exf6 Bxf6 18. Rc1 Bd7 19. Nb3 Rad8 20. Nc5 Bc8 21. Bh3 Rfe8 22. Rf1 Ne7 23. Qe2 Nf5 24. g4 Ne7 25. g5 Bg7 26. Kh1 Nf5 27. Qd2 e5 28. Nxe5 Bxe5 29. dxe5 Rxe5 30. Rfe1 Rde8 31. Nd3 Rxe3 32. Rxe3 Qxe3 33. Qxe3 Rxe3 34. Rxc8+ Kg7 35. Bxf5 gxf5 36. Nf4 d4 37. Rc7+ Kg8 38. Rd7 Re4 39. Nh5 Re1+ 40. Kg2 Re2+ 41. Kf3 Rxb2 42. Nf6+ Kf8 43. Nxh7+ Ke8 44. Nf6+ Kf8 45. g6 Rxa2 46. g7# 1-0


[Site "https://www.chess.com"]

[Event "Titled Tuesday Blitz June 13 Late 2023"]
[White "Kucuksari, Kaan"]
[Black "Ozalp, Burak"]
[WhiteFideId "6380166"]
[BlackFideId "6314210"]
[WhiteElo "2364"]
[BlackElo "2106"]
[Result "1-0"]
[Round "2"]
[TimeControl "180+2"]
[Date "2023.06.13"]
[WhiteClock "0:00:06"]
[BlackClock "0:00:00"]
[Board "124"]

1. e4 c6 2. d4 d5 3. e5 Bf5 4. Bd3 Bxd3 5. Qxd3 e6 6. Nf3 Nd7 7. O-O Ne7 8. h4 c5 9. c3 Nc6 10. Bg5 Be7 11. Nbd2 h6 12. Bxe7 Qxe7 13. Qe3 O-O-O 14. a4 g5 15. h5 g4 16. Ne1 Qh4 17. Nd3 Rdg8 18. g3 Qxh5 19. b4 c4 20. Nf4 Qg5 21. a5 h5 22. Ng2 Ne7 23. Nh4 Nf5 24. Qxg5 Rxg5 25. Kg2 Nf8 26. Rh1 Ng6 27. Nf1 Ngxh4+ 28. gxh4 Rgg8 29. Ng3 Nxg3 30. fxg3 Kd7 31. Rhf1 Ke7 32. a6 b6 33. Rf4 f5 34. exf6+ Kf7 35. Re1 Rg6 36. Re5 Rxf6 37. Rxf6+ Kxf6 38. Kf2 Rh6 39. Ke3 Kf7 40. Ke2 b5 41. Rg5 e5 42. dxe5 Rxa6 43. Rxh5 Ra3 44. Kd2 Ra2+ 45. Ke3 Rg2 46. Kd4 Rxg3 47. Rh7+ Ke6 48. Rh6+ Ke7 49. Kxd5 Rd3+ 50. Ke4 Rxc3 51. Rh7+ Ke6 52. Rh6+ Ke7 53. Rg6 g3 54. h5 Rc1 55. h6 c3 56. h7 Rh1 57. Rxg3 Rxh7 58. Rxc3 Rh4+ 59. Kd5 Rxb4 60. Rc7+ Ke8 61. Rxa7 Rh4 62. Kd6 Rh1 63. Ra8+ Kf7 64. e6+ Kf6 65. Rf8+ Kg7 66. e7 Rd1+ 67. Kc5 Rc1+ 68. Kb6 1-0


[Site "https://www.chess.com"]

[Event "Titled Tuesday Blitz June 13 Late 2023"]
[White "Chen, Ryo"]
[Black "Zenin, Dmitry"]
[WhiteFideId "7003072"]
[BlackFideId "4127897"]
[WhiteElo "2169"]
[BlackElo "2215"]
[Result "0-1"]
[Round "2"]
[TimeControl "180+2"]
[Date "2023.06.13"]
[WhiteClock "0:00:11"]
[BlackClock "0:00:22"]
[Board "125"]

1. e4 e5 2. Nf3 Nc6 3. Bb5 a6 4. Ba4 Nf6 5. O-O Be7 6. d3 b5 7. Bb3 d6 8. a3 O-O 9. Nc3 Be6 10. Nd5 Bxd5 11. exd5 Nd4 12. Nxd4 exd4 13. Qf3 Nd7 14. Bd2 a5 15. a4 b4 16. Bc4 Bg5 17. Bxg5 Qxg5 18. Bb5 Nc5 19. b3 Rad8 20. Rae1 g6 21. g3 Kg7 22. h4 Qf6 23. Qg4 h5 24. Qg5 Nd7 25. Re7 Nb6 26. Rxc7 Qxg5 27. hxg5 Nxd5 28. Rc4 Nc3 29. Kg2 Rb8 30. Re1 Nxb5 31. axb5 Rxb5 32. Rxd4 Rxg5 33. Rxd6 Rc5 34. Re2 Rfc8 35. Rd7 Rxc2 36. Ree7 Rf8 37. d4 Rc3 38. d5 Rxb3 39. d6 Rd3 40. Re5 a4 41. Re4 Rb3 42. Rb7 a3 43. Rbxb4 Rxb4 44. Rxb4 Ra8 45. Rb1 a2 46. Ra1 Kf6 47. Kf3 Ke6 48. Kf4 f6 49. Ke4 Kxd6 50. f4 Ra3 51. f5 g5 0-1


[Site "https://www.chess.com"]

[Event "Titled Tuesday Blitz June 13 Late 2023"]
[White "Ansh M Shah"]
[Black "Manukyan, Sargis V."]
[WhiteFideId "25033379"]
[BlackFideId "13303465"]
[WhiteElo "2084"]
[BlackElo "2236"]
[Result "1/2-1/2"]
[Round "2"]
[TimeControl "180+2"]
[Date "2023.06.13"]
[WhiteClock "0:00:07"]
[BlackClock "0:00:14"]
[Board "126"]

1. d4 c5 2. d5 e6 3. e4 a6 4. a4 g6 5. Nc3 Bg7 6. h4 Nf6 7. Be2 d6 8. h5 exd5 9. exd5 Nxh5 10. Bxh5 gxh5 11. Qe2+ Qe7 12. Bg5 Qxe2+ 13. Ngxe2 Bf5 14. Kd2 Bg6 15. Nf4 Bd4 16. Rae1+ Kf8 17. Be7+ Kg7 18. Bxd6 Bxf2 19. Re7 Bd4 20. Nxh5+ Bxh5 21. Rxh5 h6 22. Rf5 Rf8 23. Rxb7 Rd8 24. Rbxf7+ Kg6 25. Be7 Bxc3+ 26. Kxc3 Rxd5 27. Rxd5 Kxf7 28. Bxc5 Nc6 29. Rd7+ Kg8 30. Rd6 Rc8 31. Rxh6 Kf7 32. b4 a5 33. Kb3 axb4 34. Bxb4 Nd4+ 35. Kb2 Rxc2+ 36. Ka3 Rxg2 37. a5 Rg1 38. Bc3 Nb5+ 39. Kb4 Rb1+ 40. Kc4 Nxc3 41. Kxc3 Ra1 42. Kb4 Ke7 43. Rc6 Kd7 44. Rc2 Rb1+ 45. Ka4 Kd6 46. a6 Ra1+ 47. Kb5 Rb1+ 48. Ka5 Rb3 49. a7 Ra3+ 50. Kb6 Rb3+ 51. Ka6 Ra3+ 52. Kb7 Rb3+ 53. Kc8 Ra3 54. Kb8 Rb3+ 55. Ka8 Kd7 56. Rc1 Rb2 57. Rc5 Rb1 58. Rc4 Rb2 59. Rc3 Rb1 60. Rc1 Rxc1 61. Kb7 Rb1+ 62. Ka8 Ra1 63. Kb7 Rb1+ 64. Ka8 Kc6 1/2-1/2


[Site "https://www.chess.com"]

[Event "Titled Tuesday Blitz June 13 Late 2023"]
[White "Fajdetic, Hrvoje"]
[Black "Fernandez Garcia, Gumersindo"]
[WhiteFideId "14501945"]
[BlackFideId "24516740"]
[WhiteElo "2185"]
[BlackElo "2093"]
[Result "0-1"]
[Round "2"]
[TimeControl "180+2"]
[Date "2023.06.13"]
[WhiteClock "0:00:00"]
[BlackClock "0:00:05"]
[Board "127"]

1. d4 Nf6 2. Bf4 d5 3. e3 c5 4. Nc3 a6 5. dxc5 Nc6 6. Nf3 Bg4 7. Be2 e6 8. Na4 Ne4 9. c3 Nxc5 10. O-O Ne4 11. c4 Be7 12. cxd5 exd5 13. Ne5 Bxe2 14. Qxe2 O-O 15. Rac1 Rc8 16. Rfd1 Qa5 17. b3 Rfd8 18. f3 Nf6 19. Nxc6 Rxc6 20. Rxc6 bxc6 21. Be5 c5 22. Bc3 Qc7 23. Qxa6 h5 24. Qb6 Qxb6 25. Nxb6 d4 26. exd4 cxd4 27. Bb2 d3 28. Nc4 Bc5+ 29. Kf1 h4 30. Bxf6 gxf6 31. Nb2 d2 32. Nc4 Bb4 33. a3 Bc3 34. Ke2 h3 35. gxh3 Re8+ 36. Kd3 Be5 37. Nxd2 Bxh2 38. Ne4 Rd8+ 39. Kc2 Rc8+ 40. Kb2 f5 41. Nd6 Rd8 42. Rd5 Bxd6 43. Rxf5 Re8 44. Kc2 Re3 45. a4 Kg7 46. a5 Kg6 47. Rd5 Bb4 48. a6 Re2+ 49. Kd1 Ra2 50. Rb5 Bc3 51. Rb6+ Kf5 52. b4 Bd4 53. Rc6 Kf4 54. b5 Kxf3 55. Rc4 Be3 56. Rc3 f5 57. Rb3 Kf2 58. b6 f4 59. b7 Ba7 60. b8=Q Bxb8 61. Rxb8 Rxa6 62. Rb2+ Kg1 63. Ke2 Ra3 64. Rb5 f3+ 65. Ke1 Re3+ 66. Kd2 Re2+ 67. Kd3 Rg2 68. Rg5 Rxg5 69. h4 f2 70. Ke2 f1=Q+ 0-1


[Site "https://www.chess.com"]

[Event "Titled Tuesday Blitz June 13 Late 2023"]
[White "MaryanKyrychenko"]
[Black "Prieto Aranguren, Alain"]
[BlackFideId "2268906"]
[WhiteElo "2584"]
[BlackElo "2209"]
[Result "0-1"]
[Round "2"]
[TimeControl "180+2"]
[Date "2023.06.13"]
[WhiteClock "0:00:00"]
[BlackClock "0:00:03"]
[Board "128"]

1. e4 c6 2. d4 d5 3. e5 Be6 4. Nf3 Qc8 5. Be2 h5 6. O-O h4 7. Ng5 Bf5 8. Bd3 Nh6 9. Re1 e6 10. Nf3 h3 11. g3 Na6 12. Bxh6 Rxh6 13. Bxf5 exf5 14. c4 Nc7 15. Nc3 Bb4 16. cxd5 Nxd5 17. Nxd5 Bxe1 18. Nf4 Bb4 19. d5 Qd7 20. Qb3 Be7 21. Rd1 O-O-O 22. d6 g5 23. Nd3 Bxd6 24. exd6 Rxd6 25. Nfe5 Qe6 26. Qxe6+ fxe6 27. Kf1 Rd4 28. f3 c5 29. Ke2 c4 30. Rc1 b5 31. b3 Rxd3 32. Nxd3 Rxd3 33. bxc4 Ra3 34. cxb5+ Kb7 35. Rc2 Kb6 36. Rb2 Kc5 37. Kf2 Kd4 38. Re2 e5 39. Rd2+ Kc3 40. Re2 Kd4 41. Rd2+ Kc5 42. Re2 e4 43. fxe4 fxe4 44. Rxe4 Rxa2+ 45. Kf3 Rxh2 46. Re5+ Kb6 47. Rxg5 Rh1 48. Rh5 Rf1+ 49. Ke2 Rh1 50. Kf2 Rh2+ 51. Kf3 Rh1 52. Kg4 a5 53. bxa6 Kxa6 54. Kg5 Kb6 55. g4 Kc6 56. Kg6 Kd7 57. g5 Ke8 58. Kg7 Ke7 59. g6 h2 60. Rh3 Ke6 61. Re3+ Kf5 62. Rh3 Kg4 63. Ra3 Rg1 64. Ra4+ Kh5 65. Ra5+ Kg4 66. Ra4+ Kf5 67. Ra5+ Ke6 68. Rh5 h1=Q 69. Rxh1 Rxh1 70. Kf8 Rf1+ 71. Ke8 Kf6 0-1


[Site "https://www.chess.com"]

[Event "Titled Tuesday Blitz June 13 Late 2023"]
[White "Koellner, Ruben Gideon"]
[Black "sebastianmarinp"]
[WhiteFideId "12993093"]
[WhiteElo "2314"]
[BlackElo "2388"]
[Result "1-0"]
[Round "2"]
[TimeControl "180+2"]
[Date "2023.06.13"]
[WhiteClock "0:01:55"]
[BlackClock "0:00:04"]
[Board "129"]

1. d4 Nf6 2. Nf3 d5 3. e3 Bf5 4. Ne5 Nfd7 5. g4 Be6 6. Bg2 c5 7. f4 cxd4 8. exd4 f6 9. Nxd7 Qxd7 10. f5 Bf7 11. O-O Nc6 12. Bf4 h5 13. h3 hxg4 14. hxg4 g5 15. Bg3 e6 16. fxe6 Bxe6 17. Rxf6 Bg7 18. Rxe6+ Qxe6 19. c3 O-O-O 20. Na3 Rdf8 21. Qd3 Rf4 22. Bxf4 gxf4 23. Qf5 Qxf5 24. gxf5 Ne7 25. Rf1 Rh3 26. Bxh3 1-0


[Site "https://www.chess.com"]

[Event "Titled Tuesday Blitz June 13 Late 2023"]
[White "Arencibia Monduy, Antonio"]
[Black "el_sporco"]
[WhiteFideId "3507939"]
[WhiteElo "2573"]
[BlackElo "2386"]
[Result "1-0"]
[Round "2"]
[TimeControl "180+2"]
[Date "2023.06.13"]
[WhiteClock "0:00:41"]
[BlackClock "0:00:09"]
[Board "130"]

1. e4 c5 2. Nf3 d6 3. c3 Nf6 4. Bd3 Nc6 5. h3 g6 6. O-O Bg7 7. Bc2 O-O 8. Re1 e5 9. d3 d5 10. Qe2 dxe4 11. dxe4 Qe7 12. Be3 Be6 13. Qb5 Nd7 14. Qxb7 Na5 15. Qa6 Nc4 16. b3 Nxe3 17. Rxe3 f5 18. exf5 gxf5 19. Na3 Nb6 20. Nxe5 f4 21. Ree1 Bc8 22. Qd3 Bf5 23. Qe2 Rae8 24. Bxf5 Rxf5 25. Nac4 Bxe5 26. Nxe5 Rxe5 27. Qg4+ Kh8 28. Rxe5 Qxe5 29. Rd1 Rg8 30. Qf3 Nc8 31. Rd5 Qe1+ 32. Kh2 Ne7 33. Rd7 Qe5 34. Rxa7 Ng6 35. Qb7 Qh5 36. Qf7 Qh6 37. Qf6+ Qg7 38. Rxg7 Rxg7 39. a4 1-0


[Site "https://www.chess.com"]